 Dungeon Crawl Stone Soup version 0.31-a0-152-g6aa68a64a1 (webtiles) character file.

Game seed: 16121786286881360095

307 qw the Chopper (level 6, -1/38 HPs)
             Began as a Gargoyle Fighter on June 10, 2023.
             Slain by a wight
             ... wielding a +4 great sword
              (5 damage)
             ... on level 4 of the Dungeon on June 11, 2023.
             The game lasted 00:01:34 (2597 turns).

qw the Chopper (Gargoyle Fighter)                   Turns: 2597, Time: 00:01:35

Health: -1/38      AC: 12    Str: 22    XL:     6   Next: 40%
Magic:  6/6        EV:  9    Int:  8    God:
Gold:   199        SH:  4    Dex:  9    Spells: 5/5 levels left

rFire   . . .        Y - +1 war axe
rCold   . . .        c - +0 buckler
rNeg    + . .        b - +0 scale mail
rPois   inf          (no helmet)
rElec   +            p - +0 cloak
rCorr   .            (no gloves)
SInv    +            (no boots)
Will    .....        (no amulet) Stlth
                     e - +4 ring of slaying {mikee}
HPRegen 0.26/turn    f - ring of see invisible
MPRegen 0.10/turn

%: no passive effects
@: about to teleport
A: sickness immunity, AC +4, negative energy resistance 1, electricity
resistance, torment resistance 1, petrification resistance
a: no special abilities


You were on level 4 of the Dungeon.
You visited 1 branch of the dungeon, and saw 4 of its levels.

You collected 271 gold pieces.
You spent 72 gold pieces at shops.


Innate Abilities, Weirdness & Mutations

You are immune to sickness and miasma.
Your stone body is resilient. (AC +4)
You are immune to poison.
You resist negative energy. (rN+)
You are resistant to electric shocks. (rElec)
You are resistant to unholy torment.
You are immune to petrification.


   Skills:
 - Level 4.1 Fighting
 + Level 5.2 Axes
 - Level 3.2 Armour
 - Level 1.4 Dodging
 - Level 3.2 Shields


You had 5 spell levels left.
You didn't know any spells.
Your spell library was empty.

Inventory:

Hand Weapons
 s - a +0 flail
 Y - a +1 war axe (weapon)
Armour
 b - a +0 scale mail (worn)
 c - a +0 buckler (worn)
 p - a +0 cloak (worn)
 r - an orb of energy
Jewellery
 a - a ring of wizardry
 e - a +4 ring of slaying (left hand) {mikee}
 f - a ring of see invisible (right hand)
 n - a ring of protection from cold
 q - a ring of protection from fire
Scrolls
 k - 2 scrolls of identify
 l - 2 scrolls of teleportation
Potions
 d - 3 potions of might
 g - a potion of curing
 h - a potion of heal wounds
 i - a potion of resistance
 j - 2 potions of mutation
 m - 2 potions of haste
 o - 2 potions of attraction

Dungeon Overview and Level Annotations

Branches:
Dungeon (4/15)
 Temple: D:4-7

Altars:

Shops:
D:1 *   D:2 [


Message History

Enter note:
Enter note:
Enter note:
Enter note:
Enter note:
Enter note:
Enter note:
Enter note: You hit the wight but do no damage.
The wight closely misses you.
You closely miss the wight. The wight closely misses you.
You slash the wight!
The wight is severely damaged.
You block the wight's attack.
The wight hits you with a +4 great sword!
You barely miss the wight.
The wight is severely damaged.
The wight hits you with a +4 great sword.
You closely miss the wight.
The wight is severely damaged.
The wight barely misses you.
You hit the wight but do no damage.
The wight is severely damaged.
The wight completely misses you.
The wight hits you with a +4 great sword!
You hit the wight but do no damage.
The wight is severely damaged.
The wight closely misses you.
You hit the wight but do no damage.
The wight is severely damaged.
The wight hits you with a +4 great sword.
You hit the wight but do no damage.
The wight is severely damaged.
The wight hits you with a +4 great sword!
2597 ||| READING 3 scrolls of teleportation.
As you read the scroll of teleportation, it crumbles to dust.
You feel strangely unstable.
The wight hits you with a +4 great sword.
You die...

#.........#.#...#.......
#...................####
#..................<#
#...................###
....................'.#
....................#.#
....!..............##.#
....$.................#
......z@./######.#...###
########(....###.'....#.
#............###..(...
#............#.#...##.
#...........%#.#...#..
#.....<....))..#...#..
#............#.#...#..
#............#.#...#..
#............#.#...###


You could see a wight.

Vanquished Creatures
  2 scorpions (D:4)
  An orc priest (D:4)
  An iguana (D:4)
  An orc wizard (D:4)
  2 adders (D:3)
  6 worms
  3 dart slugs
  4 orcs
  7 endoplasms
  A giant cockroach (D:2)
  5 goblins
  8 hobgoblins
  5 quokkas
  5 ball pythons
  2 bats (D:1)
  3 frilled lizards
  9 kobolds
  6 rats
71 creatures vanquished.

Notes
Turn   | Place    | Note
-------+----------+-------------------------------------------
     0 | D:1      | qw the Gargoyle Fighter began the quest for the Orb.
     0 | D:1      | Reached XP level 1. HP: 14/14 MP: 1/1
     0 | D:1      | 0 ||| qw: Version: 0.2-a-29-gd901d54
     0 | D:1      | 0 ||| qw: Game counter: 4012
     0 | D:1      | 0 ||| qw: Always use a shield: true
     0 | D:1      | 0 ||| qw: God list: Okawaru
     0 | D:1      | 0 ||| qw: Allow faded altars: false
     0 | D:1      | 0 ||| qw: Do Orc after D:15 true
     0 | D:1      | 0 ||| qw: Do second Lair branch before Depths: true
     0 | D:1      | 0 ||| qw: Lair rune preference: random
     0 | D:1      | 0 ||| qw: Plans: Normal, Zot:1-4, Slime:5, God:TSO, Crypt,
                  | Tomb, Abyss, Pan, Hells, Win
     0 | D:1      | 0 ||| PLANNING D:1-11
     7 | D:1      | 7 ||| Stepping ~*~*~tactically~*~*~ (stealth).
    23 | D:1      | Reached skill level 2 in Axes
   146 | D:1      | 146 ||| Stepping ~*~*~tactically~*~*~ (hiding).
   155 | D:1      | Reached XP level 2. HP: 19/19 MP: 2/2
   426 | D:1      | Reached skill level 3 in Axes
   494 | D:1      | Reached XP level 3. HP: 23/23 MP: 3/3
   701 | D:1      | Found Namu's Assorted Antiques.
   709 | D:1      | 709 ||| SHOPLISTING chain mail (112 gold, have 73).
   709 | D:1      | 709 ||| BUYING fuming amethyst potion (22 gold).
   709 | D:1      | Bought a fuming amethyst potion for 22 gold pieces
   709 | D:1      | 709 ||| BUYING scroll labelled EBUOGA DUCSA (25 gold).
   709 | D:1      | Bought a scroll labelled EBUOGA DUCSA for 25 gold pieces
   709 | D:1      | 709 ||| BUYING scroll labelled HAMONUM QOFF (25 gold).
   709 | D:1      | Bought a scroll labelled HAMONUM QOFF for 25 gold pieces
   709 | D:1      | 709 ||| SHOPLISTING scroll labelled OTEPIO UN LEY (25 gold,
                  | have 1).
   723 | D:1      | 723 ||| UPGRADING to +4 ring of slaying {mikee}.
   724 | D:1      | 724 ||| READING scroll labelled HEDDIBRESS.
   725 | D:1      | 725 ||| READING 5 scrolls labelled EBUOGA DUCSA.
   726 | D:1      | 726 ||| READING 2 scrolls labelled TEAPLU QYKKUL.
   731 | D:1      | 731 ||| READING scroll labelled HAMONUM QOFF.
   732 | D:1      | 732 ||| READING 4 scrolls of identify.
   732 | D:1      | 732 ||| IDENTIFYING viscous coppery potion
   733 | D:1      | 733 ||| READING 3 scrolls of identify.
   733 | D:1      | 733 ||| IDENTIFYING inky potion
   734 | D:1      | 734 ||| READING 2 scrolls of identify.
   734 | D:1      | 734 ||| IDENTIFYING black potion
   735 | D:1      | 735 ||| DROPPING potion of degeneration.
   823 | D:2      | 823 ||| DROPPING +0 whip.
   908 | D:2      | Found Hatoc's Antique Armour Boutique.
   915 | D:2      | 915 ||| SHOPLISTING chain mail (90 gold, have 36).
   915 | D:2      | 915 ||| SHOPLISTING glowing ring mail (140 gold, have 36).
   915 | D:2      | 915 ||| SHOPLISTING helmet (90 gold, have 36).
   915 | D:2      | 915 ||| SHOPLISTING runed chain mail (150 gold, have 36).
   915 | D:2      | 915 ||| SHOPLISTING runed scale mail (140 gold, have 36).
   981 | D:2      | Identified the staff of air "Ilunaf" {rElec rPois Will+
                  | SInv Stlth+}
  1033 | D:2      | 1033 ||| Stepping ~*~*~tactically~*~*~ (hiding).
  1034 | D:2      | 1034 ||| Stepping ~*~*~tactically~*~*~ (hiding).
  1035 | D:2      | 1035 ||| Stepping ~*~*~tactically~*~*~ (hiding).
  1036 | D:2      | 1036 ||| Stepping ~*~*~tactically~*~*~ (hiding).
  1040 | D:2      | 1040 ||| Stepping ~*~*~tactically~*~*~ (hiding).
  1091 | D:2      | 1091 ||| Stepping ~*~*~tactically~*~*~ (stealth).
  1236 | D:2      | 1236 ||| UPGRADING to ring of see invisible.
  1237 | D:2      | 1237 ||| DROPPING +6 ring of intelligence.
  1238 | D:2      | 1238 ||| READING scroll labelled XAITI BUODAHIT.
  1239 | D:2      | 1239 ||| READING scroll labelled REILUE LUEQIC.
  1240 | D:2      | 1240 ||| READING scroll labelled MIYFRA WOAFOE.
  1241 | D:2      | 1241 ||| READING scroll labelled OCULET WOGIT.
  1242 | D:2      | 1242 ||| READING 3 scrolls of identify.
  1242 | D:2      | 1242 ||| IDENTIFYING fuming amethyst potion
  1382 | D:3      | 1382 ||| Stepping ~*~*~tactically~*~*~ (hiding).
  1385 | D:3      | 1385 ||| Stepping ~*~*~tactically~*~*~ (hiding).
  1403 | D:3      | 1403 ||| Stepping ~*~*~tactically~*~*~ (stealth).
  1473 | D:3      | 1473 ||| Stepping ~*~*~tactically~*~*~ (hiding).
  1477 | D:3      | 1477 ||| Stepping ~*~*~tactically~*~*~ (hiding).
  1613 | D:3      | Reached XP level 4. HP: 28/28 MP: 4/4
  1635 | D:3      | Found the ring of Shadows {Umbra +Inv Stlth+}
  1667 | D:3      | 1667 ||| Stepping ~*~*~tactically~*~*~ (stealth).
  1689 | D:3      | Reached skill level 4 in Axes
  2042 | D:3      | 2042 ||| UPGRADING to +0 cloak.
  2047 | D:3      | 2047 ||| DRINKING 3 yellow potions.
  2048 | D:3      | 2048 ||| READING 3 scrolls of identify.
  2048 | D:3      | 2048 ||| IDENTIFYING smoky grey potion
  2049 | D:3      | 2049 ||| READING 2 scrolls of identify.
  2049 | D:3      | 2049 ||| IDENTIFYING emerald potion
  2153 | D:4      | Noticed a scorpion
  2160 | D:4      | Killed a scorpion
  2161 | D:4      | Reached XP level 5. HP: 32/32 MP: 5/5
  2202 | D:4      | 2202 ||| Stepping ~*~*~tactically~*~*~ (hiding).
  2213 | D:4      | Reached skill level 5 in Axes
  2216 | D:4      | Reached XP level 6. HP: 11/38 MP: 6/6
  2339 | D:4      | 2339 ||| DROPPING +0 mace.
  2419 | D:4      | Reached skill level 1 in Dodging
  2514 | D:4      | 2514 ||| Stepping ~*~*~tactically~*~*~ (hiding).
  2526 | D:4      | 2526 ||| FLEEEEING.
  2530 | D:4      | 2530 ||| FLEEEEING.
  2531 | D:4      | 2531 ||| FLEEEEING.
  2535 | D:4      | 2535 ||| FLEEEEING.
  2536 | D:4      | 2536 ||| FLEEEEING.
  2537 | D:4      | 2537 ||| FLEEEEING.
  2538 | D:4      | 2538 ||| FLEEEEING.
  2596 | D:4      | HP: 4/38 [wight/+4 great sword (13)]
  2597 | D:4      | 2597 ||| READING 3 scrolls of teleportation.
  2597 | D:4      | Slain by a wight

Levels and vault maps discovered:
D:1:      spicycebolla_arrival_clurvy, layout_basic, serial_shops, shop,
          minmay_tall_x
D:2:      layout_rooms, serial_shops, nicolae_shop_crystal
D:3:      layout_loops_cross
D:4:      layout_basic

Skill      XL: |  1  2  3  4  5  6 |
---------------+-------------------+-----
Axes           | 2 3 4 5 |  5.2
Fighting       | 4 |  4.1
Dodging        | 1 |  1.4
Armour         | |  3.2
Shields        | |  3.2

Action                     |  1- 3 |  4- 6 || total
---------------------------+-------+-------++-------
  Melee: War axe           |    99 |    83 ||   182
    Use: Scroll            |    12 |     3 ||    15
         Potion            |       |     1 ||     1
 Armour: Scale mail        |    37 |    25 ||    62
  Dodge: Dodged            |    34 |    36 ||    70
  Block: Buckler           |    11 |    15 ||    26

Table legend:
 A = Non-vault XP
 B = Vault XP
 C = Vault XP percentage of total XP
 D = Non-vault monster count
 E = Vault monster count
 F = Vault count percentage of total count
                 A         B        C        D         E       F
            +---------+---------+-------+---------+---------+-------
      Total |     433 |       6 |   1.4 |      67 |       4 |   5.6
            +---------+---------+-------+---------+---------+-------
        D:1 |      33 |       6 |  15.4 |      19 |       4 |  17.4
        D:2 |      16 |       0 |   0.0 |       8 |       0 |   0.0
        D:3 |      70 |       0 |   0.0 |      21 |       0 |   0.0
        D:4 |     314 |       0 |   0.0 |      19 |       0 |   0.0
            +---------+---------+-------+---------+---------+-------
